 Dungeon Crawl Stone Soup version 0.16.0-18-g484a79e (webtiles) character file.

113 McCoppin the Cudgeler (level 4, -3/34 HPs)
             Began as a Vine Stalker Chaos Knight on Mar 23, 2015.
             Killed from afar by a white imp (9 damage)
             ... with a puff of frost
             ... summoned by Xom
             ... on level 3 of the Dungeon.
             The game lasted 00:04:42 (1532 turns).

McCoppin the Cudgeler (Vine Stalker Chaos Knight)   Turns: 1532, Time: 00:04:42

Health: -3/34      AC: 22    Str: 16    XL:     4   Next: 96%
Magic:  0/5        EV:  2    Int: 12    God:    Xom [.....*]
Gold:   73         SH:  0    Dex: 13    Spells: 0 memorised, 3 levels left

rFire  . . .     SeeInvis .     a - +1 mace (chaos)
rCold  . . .     Clarity  .     b - melded +3 leather armour
rNeg   + + +     SustAb   .     (no shield)
rPois  +         Gourm    .     (helmet currently unavailable)
rElec  .         Spirit   +     (cloak currently unavailable)
rCorr  .         Warding  .     (gloves currently unavailable)
rMut   .         NoTele   +     (boots currently unavailable)
MR     .....                    (no amulet)
Stlth  +.........               (no ring)
                                f - ring of teleportation (curse)

@: tree-form, not resistant to hostile enchantments, very unstealthy
A: (fangs 0), regeneration 1, magic shield, (antimagic bite), no device heal 3,
rot immunity
a: Renounce Religion, Evoke Teleportation


You were on level 3 of the Dungeon.
You worshipped Xom.
You were Xom's teddy bear.
You were not hungry.
You were a tree.
You visited 1 branch of the dungeon, and saw 3 of its levels.

You collected 73 gold pieces.

Inventory:

Hand weapons
 a - a +1 mace of chaos (weapon)
 e - a +0 dagger of venom
Armour
 b - a +3 leather armour (melded)
Jewellery
 f - a cursed ring of teleportation (left branch)
Magical devices
 r - a wand of flame (24)
Scrolls
 d - 2 scrolls of enchant armour
 g - a scroll of identify
Potions
 i - 2 potions of agility
 j - a potion of poison
 n - a potion of magic
Books
 p - a Grand Grimoire {highlevel, unknown}

   This book is beyond your current level of understanding.

   Spells                             Type                      Level
   a - Aura of Abjuration             Summoning                    6
   b - Summon Greater Demon           Summoning                    7
   c - Malign Gateway                 Summoning/Translocation      7
   d - Summon Horrible Things         Summoning                    8
Comestibles
 c - 4 bread rations
 m - a chunk of flesh
 o - 3 fruits


   Skills:
 - Level 2.6 Fighting
 + Level 5.0 Maces & Flails
 - Level 1.5 Armour
 - Level 0.7 Dodging


You had 3 spell levels left.
You didn't know any spells.

Dungeon Overview and Level Annotations

Branches:
Dungeon (3/15)

Altars:
Okawaru
Trog
Vehumet
Xom


Innate Abilities, Weirdness & Mutations

((You have extremely sharp teeth.))
Your natural rate of healing is unusually fast.
When hurt, damage is shared between your health and your magic reserves.
((Your bite disrupts and absorbs the magic of your enemies.))
Potions and wands cannot restore your health.
You are immune to rotting.


Message History

You bite the white imp, but do no damage.
The white imp is almost dead.
The white imp completely misses you. The white imp gestures at you.
The puff of frost hits you! The white imp gestures at you.
The puff of frost hits you!
You hit the white imp.
You kill the white imp!
The white imp hits you but does no damage.
The white imp laughs crazily.
The white imp gestures at you. The puff of frost hits you!
* * * LOW HITPOINT WARNING * * *
You barely miss the white imp. Your bite misses the white imp.
The white imp hits you but does no damage.
You barely miss the white imp. Your bite misses the white imp.
The white imp gestures at you. The puff of frost hits you!
You die...

. . ...#....
..##....?...
.........#.....
......#...#......
................
........#...[..#
........#......#
###........♣...#
........^...5...#
................#
..###..#.#......#
.....#........#
.###...#.).....#
#.#.#.).....#
#.#.##......#
#.#. ##..####


You could see a white imp.

Vanquished Creatures
  An orc wizard (D:3)
  An adder (D:2)
  A white imp (D:3)
  2 worms (D:2)
  4 giant geckos
  2 orcs
  3 bats (D:2)
  3 giant cockroaches
  10 hobgoblins
  10 kobolds
  3 giant newts (D:1)
  7 goblins
  3 rats
50 creatures vanquished.

Notes
Turn   | Place    | Note
--------------------------------------------------------------
     0 | D:1      | McCoppin, the Vine Stalker Chaos Knight, began the quest for the Orb.
     0 | D:1      | Reached XP level 1. HP: 11/11 MP: 1/1
    22 | D:1      | XOM: smoke on damage
    86 | D:1      | XOM: smoke on damage
   170 | D:1      | XOM: butterfly on damage
   172 | D:1      | Reached skill level 3 in Maces & Flails
   202 | D:1      | Reached XP level 2. HP: 16/16 MP: 3/3
   270 | D:1      | XOM: silly message
   763 | D:2      | Found a bloodstained altar of Trog.
   790 | D:2      | Found an iron altar of Okawaru.
   797 | D:2      | Reached XP level 3. HP: 19/19 MP: 4/4
   843 | D:2      | XOM: potion effect (brilliance)
   854 | D:2      | Reached skill level 4 in Maces & Flails
   872 | D:2      | Found a shimmering altar of Xom.
   993 | D:2      | XOM: harmless Pois miscast
  1058 | D:2      | Reached XP level 4. HP: 23/23 MP: 5/5
  1075 | D:2      | XOM: smoke on damage
  1309 | D:2      | XOM: divination: detect creatures
  1385 | D:2      | XOM: vitrification
  1427 | D:3      | Found a radiant altar of Vehumet.
  1453 | D:3      | XOM: god gift: scroll labeled PUOSHR ZOMNABO
  1507 | D:3      | Reached skill level 5 in Maces & Flails
  1519 | D:3      | XOM: summons 2 hostile demons
  1532 | D:3      | Killed from afar by a white imp

Action                   |  1- 3 |  4- 6 || total
-------------------------+-------+-------++-------
Melee: Mace              |   122 |    61 ||   183
  Use: Scroll            |       |     9 ||     9
       Potion            |       |     1 ||     1
  Eat: Chunk             |       |     2 ||     2
